 Dungeon Crawl Stone Soup version 0.31.0-12-g77e489cdc1 (webtiles) character file.

Game seed: 9710397049194319363

124 spaghetti the Trooper (level 4, 0/39 HPs)
             Began as a Demonspawn Chaos Knight on Mar 2, 2024.
             Was a Plaything of Xom.
             Slain by a river rat (8 damage)
             ... in a sewer.
             The game lasted 00:02:26 (1712 turns).

spaghetti the Trooper (Demonspawn Chaos Knight)     Turns: 1712, Time: 00:02:27

Health: 0/39       AC:  8    Str: 14    XL:     4   Next: 81%
Magic:  4/4        EV: 11    Int: 11    God:    Xom [......]
Gold:   85         SH:  0    Dex: 16    Spells: 3/3 levels left

rFire   . . .        a - +1 spear (chaos)
rCold   . . .        (no shield)
rNeg    . . .        b - +2 leather armour
rPois   .            (helmet restricted)
rElec   .            (no cloak)
rCorr   .            (no gloves)
SInv    .            (no boots)
Will    .....        (no amulet)
Stlth   +            (no ring)
HPRegen 0.26/turn    (no ring)
MPRegen 0.09/turn

%: no passive effects
@: attractive
A: horns 1, thin metallic scales 2, agile 1, screaming 1
a: Renounce Religion


You were in a sewer.
You worshipped Xom.
You were a very special plaything of Xom.
You visited 1 branch of the dungeon, and saw 3 of its levels.
You also visited: Sewer.

You collected 85 gold pieces.

Inventory:

Hand Weapons
 a - a +1 spear of chaos (weapon)
Armour
 b - a +2 leather armour (worn)
Jewellery
 f - a ring of willpower
Scrolls
 c - a scroll of butterflies
 i - 2 scrolls of identify


   Skills:
 + Level 5.6 Fighting
 - Level 2.6 Polearms
 - Level 1.7 Armour
 - Level 0.8 Dodging


You had 3 spell levels left.
You didn't know any spells.
Your spell library contained the following spells:

 Spells                   Type           Power      Damage    Failure   Level
 Blink                    Tloc           0%         N/A       54%         2
 Lesser Beckoning         Tloc           0%         N/A       54%         2
 Momentum Strike          Conj/Tloc      0%         3d8       54%         2


Dungeon Overview and Level Annotations

Branches:
Dungeon (3/15)              Sewer (1/1)

Altars:
Hepliaklqana


Innate Abilities, Weirdness & Mutations

You have a pair of small horns on your head.
You are mostly covered in thin metallic scales. (AC +3)
You are agile. (Dex +4, Str/Int -1)
You occasionally shout uncontrollably at your foes.


Message History

The rat misses your butterfly. The river rat bites your butterfly!
Your butterfly dies!
Your butterfly disappears in a burst of colours!
The rat bites you.
* * * LOW HITPOINT WARNING * * *
The rat misses your butterfly.
The frilled lizard bites your butterfly.
Your butterfly dies!
Your butterfly disappears in a burst of colours!
The rat barely misses your butterfly. The rat is attracted toward you. x2
The river rat is attracted toward you. The rat is attracted toward you.
The rat closely misses your butterfly. x2; The rat bites your butterfly.
Your butterfly dies!
Your butterfly disappears in a burst of colours!
The rat barely misses you. The river rat is attracted toward you.
The rat is attracted toward you. x2
The rat attacks as it pursues you! The rat closely misses you.
The rat is attracted toward you. The rat is attracted toward you.
The rat is attracted toward you.
There is an empty arch of ancient stone here.
You hit the rat. You freeze the rat.
You kill the rat!
A frilled lizard comes into view.
The river rat is attracted toward you. The rat is attracted toward you.
The frilled lizard is attracted toward you.
You hit the rat.
You kill the rat!
You hit the rat. You freeze the rat.
You kill the rat!
The rat is attracted toward you. x2
You hit the river rat but do no damage. The river rat bites you.
* * * LOW HITPOINT WARNING * * *
You hit the river rat but do no damage.
The river rat bites you but does no damage.
You barely miss the river rat. The river rat misses you.
You closely miss the river rat.
You are now a very special plaything of Xom.
The river rat bites you!
You die...

##### ## ##rr@# ##### ∩..#
##rr######...## ####
#...##ll#####......###..###
##...b...##b..............#
#........rbbbb............#
......b..rlr...............'
..........rrbbb.....~.~~~~~#
..~~...b.b.§r§bb...~~~≈≈~≈~#
~≈~~≈~~.....bbb~≈b≈≈≈≈≈≈≈≈≈#


You could see a river rat, 2 frilled lizards and 3 rats.

Vanquished Creatures
  5 adders
  A river rat (Sewer)
  4 ribbon worms
  5 endoplasms
  4 goblins
  4 hobgoblins
  2 jackals (D:2)
  2 quokkas
  8 ball pythons
  A bat (D:3)
  2 frilled lizards (D:1)
  8 kobolds
  11 rats
57 creatures vanquished.

Vanquished Creatures (collateral kills)
  2 bats
  An endoplasm (D:1)
  2 rats (Sewer)
5 creatures vanquished.

Vanquished Creatures (others)
  An adder (Sewer)
1 creature vanquished.

Grand Total: 63 creatures vanquished

Notes
Turn   | Place    | Note
-------+----------+-------------------------------------------
     0 | D:1      | spaghetti the Demonspawn Chaos Knight began the quest for
                  | the Orb.
     0 | D:1      | Reached XP level 1. HP: 18/18 MP: 1/1
   134 | D:1      | XOM: divination: detect items
   177 | D:1      | Gained mutation: You are partially covered in thin metallic
                  | scales. (AC +2) [demonic ancestry]
   177 | D:1      | Reached XP level 2. HP: 22/24 MP: 2/2
   198 | D:1      | XOM: silly message
   255 | D:1      | XOM: silly message
   277 | D:1      | Reached skill level 4 in Fighting
   725 | D:1      | XOM: smoke on damage
   867 | D:2      | Found a hazy altar of Hepliaklqana.
   909 | D:2      | Gained mutation: You are mostly covered in thin metallic
                  | scales. (AC +3) [demonic ancestry]
   909 | D:2      | Reached XP level 3. HP: 29/30 MP: 3/3
  1199 | D:2      | XOM: silly message
  1471 | D:2      | XOM: divination: magic mapping
  1501 | D:3      | Gained mutation: You have a pair of small horns on your
                  | head. [demonic ancestry]
  1501 | D:3      | Reached XP level 4. HP: 29/38 MP: 4/4
  1505 | D:3      | Reached skill level 5 in Fighting
  1583 | D:3      | Found a glowing drain.
  1587 | D:3      | XOM: divination: magic mapping
  1601 | Sewer    | Entered a sewer
  1695 | Sewer    | XOM: give mutations
  1695 | Sewer    | Gained mutation: You are agile. (Dex +4, Str/Int -1) [Xom's
                  | mischief]
  1695 | Sewer    | Gained mutation: You have large cloven feet. [Xom's
                  | mischief]
  1695 | Sewer    | Lost mutation: You have large cloven feet. [Xom's mischief]
  1695 | Sewer    | Gained mutation: You occasionally shout uncontrollably at
                  | your foes. [Xom's mischief]
  1712 | Sewer    | Slain by a river rat

Illustrated notes

Levels and vault maps discovered:
D:1:      dpeg_arrival_stone_temple_mockup, layout_loops_ring,
          minmay_misc_feat_more_columns, st_stairs_4
D:2:      layout_basic, basic_altar
D:3:      layout_basic, hellmonk_sif_muna_bookshelves,
          cheibrodos_sewer_entry_sluice, hangedman_decor_peaks_small,
          kennysheep_another_room, nicolae_figureground_pulse
Sewer:    sewer_minmay_treatment

Skill      XL: |  1  2  3  4 |
---------------+-------------+-----
Fighting       | 4 5 |  5.6
Polearms       | |  2.6
Armour         | |  1.7
Dodging        | |  0.8

Action                     |  1- 3 |  4- 6 || total
---------------------------+-------+-------++-------
  Melee: Spear             |   132 |    51 ||   183
         Headbutt          |       |     5 ||     5
    Use: Scroll            |     5 |     1 ||     6
         Potion            |     2 |     1 ||     3
   Stab: Sleeping          |     1 |       ||     1
 Armour: Leather armour    |    62 |    77 ||   139
  Dodge: Dodged            |    67 |    87 ||   154
